 Dungeon Crawl Stone Soup version 0.31.0-9-g3a7656b989 (webtiles) character file.

Game seed: 2512974076595658217

33035 Doomgape the Severer (level 13, 0/119 HPs)
             Began as a Minotaur Fighter on Feb 3, 2024.
             Was a High Priest of Okawaru.
             Slain by a 14-headed hydra (7 damage)
             ... on level 4 of the Lair of Beasts.
             The game lasted 00:51:03 (15792 turns).

Doomgape the Severer (Minotaur Fighter)            Turns: 15792, Time: 00:51:03

Health: 0/119      AC: 19    Str: 33    XL:     13   Next: 34%
Magic:  17/19      EV: 10    Int:  5    God:    Okawaru [*****.]
Gold:   1739       SH:  7    Dex: 11    Spells: 12/12 levels left

rFire   + . .        G - +6 long sword of Eternity {spect, +Blink Str+2}
rCold   . . .        c - +0 buckler
rNeg    . . .        y - +0 plate armour
rPois   .            (helmet restricted)
rElec   .            u - +1 cloak {rCorr}
rCorr   +            (no gloves)
SInv    .            (no boots)
Will    .....        b - amulet of the acrobat Stlth
                     m - ring of protection from fire
HPRegen 0.39/turn    L - +6 ring of strength
MPRegen 0.16/turn

%: acrobat
@: about to teleport, heroic
A: horns 2, retaliatory headbutt
a: Renounce Religion, Evoke Blink, Heroism, Finesse, Duel


You were on level 4 of the Lair of Beasts.
You worshipped Okawaru.
Okawaru was extremely pleased with you.
You visited 3 branches of the dungeon, and saw 16 of its levels.
You also visited: Bailey.

You collected 1869 gold pieces.
You spent 130 gold pieces at shops.

Inventory:

Hand Weapons
 a - a +1 war axe of freezing
 z - a +1 broad axe of electrocution
 G - the +6 long sword of Eternity (weapon) {spect, +Blink Str+2}
   (You found it on level 2 of the Lair of Beasts)

   Str+2:     It affects your strength (+2).
   +Blink:    It lets you blink.
Missiles
 s - 6 javelins (quivered)
Armour
 c - a +0 buckler (worn)
 u - a +1 cloak of preservation (worn)
 y - a +0 plate armour (worn)
 D - an orb of mayhem
Jewellery
 b - an amulet of the acrobat (around neck)
 i - a ring of willpower
 m - a ring of protection from fire (left hand)
 v - a ring of protection from cold
 C - a ring of ice
 L - a +6 ring of strength (right hand)
Wands
 d - a wand of charming (14)
 q - a wand of digging (5)
 r - a wand of polymorph (5)
 J - a wand of iceblast (3)
Scrolls
 f - 2 scrolls of vulnerability
 g - 3 scrolls of noise
 h - 4 scrolls of identify
 j - 2 scrolls of fear
 l - 6 scrolls of teleportation
 n - 3 scrolls of immolation
 x - 2 scrolls of revelation
 H - a scroll of silence
 K - a scroll of poison {unknown}
Potions
 e - 6 potions of haste
 k - 7 potions of curing
 o - 4 potions of mutation
 p - a potion of might
 t - 2 potions of enlightenment
 w - a potion of magic
 A - a potion of cancellation
 B - 3 potions of resistance {unknown}
 E - 7 potions of ambrosia {unknown}
 F - 2 potions of berserk rage {unknown}
 I - a potion of heal wounds


   Skills:
 - Level 12.9(17.9) Fighting
 + Level 3.2(8.2) Long Blades
 - Level 16.8(21.8) Axes
 - Level 10.5(15.5) Armour
 + Level 9.1(14.1) Shields
 - Level 10.0 Invocations
 + Level 2.2 Evocations


You had 12 spell levels left.
You didn't know any spells.
Your spell library contained the following spells:

 Spells                   Type           Power      Damage    Failure   Level
 Slow                     Hex            0%         N/A       95%         1
 Scorch                   Fire           0%         2d5       99%         2
 Confusing Touch          Hex            0%         N/A       100%        3
 Sigil of Binding         Hex            0%         N/A       100%        3
 Vampiric Draining        Necr           0%         2d6       100%        3
 Cause Fear               Hex            0%         N/A       100%        4
 Flame Wave               Conj/Fire      0%         2d4       100%        4
 Leda's Liquefaction      Alch/Erth      0%         N/A       100%        4
 Olgreb's Toxic Radiance  Alch           0%         N/A       100%        4
 Fireball                 Conj/Fire      0%         3d3       100%        5
 Lee's Rapid Deconstruct  Erth           0%         3d4*      100%        5
 Bombard                  Conj/Erth      0%         9d1       100%        6
 Ozocubu's Refrigeration  Ice            0%         4d7       100%        7
 Discord                  Hex            0%         N/A       100%        8
 Summon Forest            Summ/Tloc      Unusable   N/A       N/A         5
 Summon Mana Viper        Hex/Summ       Unusable   N/A       N/A         5
 Summon Cactus Giant      Summ           Unusable   N/A       N/A         6
 Dragon's Call            Summ           Unusable   N/A       N/A         9

Dungeon Overview and Level Annotations

Branches:
Dungeon (11/15)            Temple (1/1) D:5            Lair (4/5) D:11
 Shoals (0/4) Lair:2       Spider (0/4) Lair:2          Orc (0/2) D:10
 Bailey (visited)
  Slime: Lair:4-5

Altars:
Ashenzari
Cheibriados
Dithmenos
Elyvilon
Fedhas
Gozag
Hepliaklqana
Kikubaaqudgha
Makhleb
Nemelex Xobeh
Okawaru
Qazlal
Ru
Sif Muna
Trog
Uskayaw
Vehumet
Wu Jian
Xom
Yredelemnul
Zin
The Shining One

Shops:
D:7 !

Annotations:
D:9 1 runed translucent door


Innate Abilities, Weirdness & Mutations

You have a pair of horns on your head.
You reflexively headbutt those who attack you in melee.


Message History

You block the 13-headed hydra's attack. The 13-headed hydra bites you!
The 13-headed hydra closely misses you. x2
The 13-headed hydra barely misses you. The 13-headed hydra closely misses you.
The 13-headed hydra bites you!
Unknown command.
Unknown command.
Unknown command.
You slice one of the 13-headed hydra's heads off!
The 12-headed hydra grows two more!
You slash the 14-headed hydra!
The 14-headed hydra is moderately wounded.
Your +6 long sword of Eternity {spect, +Blink Str+2} barely misses the 14-headed hydra.
The 14-headed hydra bites you but does no damage.
The 14-headed hydra bites you.
* * * LOW HITPOINT WARNING * * *
The 14-headed hydra bites you but does no damage.
The 14-headed hydra misses you. You block the 14-headed hydra's attack.
The 14-headed hydra bites you but does no damage. x2
The 14-headed hydra barely misses you.
The 14-headed hydra bites you but does no damage.
The 14-headed hydra bites you!
* * * LOW HITPOINT WARNING * * *
The 14-headed hydra bites you but does no damage.
You block the 14-headed hydra's attack. The 14-headed hydra barely misses you.
The 14-headed hydra bites you but does no damage.
Unknown command.
As you read the scroll of teleportation, it crumbles to dust.
You feel strangely unstable.
Your +6 long sword of Eternity {spect, +Blink Str+2} disappears.
The 14-headed hydra bites you!
* * * LOW HITPOINT WARNING * * *
The 14-headed hydra completely misses you.
The 14-headed hydra bites you.
* * * LOW HITPOINT WARNING * * *
The 14-headed hydra bites you!
* * * LOW HITPOINT WARNING * * *
The 14-headed hydra bites you but does no damage.
The 14-headed hydra closely misses you.
The 14-headed hydra bites you but does no damage.
The 14-headed hydra bites you!
You die...

...PP~~~~~P.##
....P~~~~~P..
....P~~†~~P.
......P.....P
............
............ .#
...#.....#...D###.#
......##.....)@...#
..................####
......................
...........#.##........
.......#......#.#.##.#
#..#.#....<.##### #
#..........#
.###.##..†..###.#.#
..........### ##.#


You could see a 14-headed hydra.

Vanquished Creatures
  A hydra (Lair:3)
  4 two-headed ogres
  An orc high priest (Bailey)
  5 skeletal warriors (D:9)
  3 orc knights
  4 oklob plants (Lair:2)
  An orc sorcerer (Bailey)
  3 elephants
  A black mamba (Lair:1)
  Jeremiah (D:9)
  A gargoyle (D:11)
  3 cane toads
  An unseen horror (D:11)
  6 komodo dragons
  A kobold demonologist (D:9)
  6 rime drakes
  Psyche (D:10)
  2 polar bears
  A queen bee (Lair:2)
  2 trolls
  9 blink frogs
  Grinder (D:4)
  A shadow (D:9)
  3 culicivoras (Lair:2)
  7 wyverns
  3 basilisks
  18 yaks
  2 steam dragons
  9 water moccasins
  An acid dragon (D:10)
  An ice beast (D:6)
  12 orc warriors
  4 black bears
  11 wolves
  13 centaurs
  A phantom (D:6)
  A kobold brigand (D:10)
  10 bullfrogs
  2 gnoll sergeants (D:11)
  3 scorpions
  33 killer bees (Lair:2)
  7 howler monkeys
  12 electric eels
  10 orc priests
  3 hounds
  2 jellies (D:6)
  A gnoll bouda (D:5)
  A sleepcap (D:8)
  Terence (D:2)
  5 iguanas
  12 orc wizards
  28 gnolls
  4 adders
  2 river rats (Lair:2)
  2 white imps
  4 ufetubi
  3 ribbon worms (D:2)
  41 orcs
  3 ball pythons
  8 endoplasms
  4 giant cockroaches
  7 goblins
  11 hobgoblins
  7 jackals (D:2)
  12 kobolds
  4 quokkas
  5 bats
  A frilled lizard (D:1)
  3 rats
396 creatures vanquished.

Vanquished Creatures (others)
  2 spectral weapons
2 creatures vanquished.

Grand Total: 398 creatures vanquished

Notes
Turn   | Place    | Note
-------+----------+-------------------------------------------
     0 | D:1      | Doomgape the Minotaur Fighter began the quest for the Orb.
     0 | D:1      | Reached XP level 1. HP: 19/19 MP: 0/0
   194 | D:1      | Reached XP level 2. HP: 27/27 MP: 1/1
   692 | D:2      | Noticed Terence
   703 | D:2      | Killed Terence
   704 | D:2      | Reached skill level 3 in Axes
   704 | D:2      | Reached XP level 3. HP: 20/33 MP: 2/2
  1079 | D:2      | Reached XP level 4. HP: 41/41 MP: 3/3
  1476 | D:3      | You fall into a shaft and drop 1 floor!
  1523 | D:4      | Noticed Grinder
  1528 | D:4      | Paralysed by Grinder for 2 turns
  1530 | D:4      | Killed Grinder
  1531 | D:4      | Reached skill level 5 in Fighting
  1531 | D:4      | Reached skill level 4 in Axes
  1531 | D:4      | Reached skill level 5 in Armour
  1531 | D:4      | Reached XP level 5. HP: 35/48 MP: 4/4
  1531 | D:4      | Reached XP level 6. HP: 41/56 MP: 5/5
  1588 | D:4      | Reached skill level 5 in Axes
  1749 | D:4      | Found a hide-covered altar of Uskayaw.
  1806 | D:4      | Found a white marble altar of Elyvilon.
  1923 | D:4      | Found a basalt altar of Yredelemnul.
  1939 | D:4      | Found a burning altar of Makhleb.
  2026 | D:4      | Reached XP level 7. HP: 61/63 MP: 6/6
  2375 | D:5      | Entered Level 5 of the Dungeon
  2630 | D:5      | Reached skill level 6 in Axes
  3147 | D:5      | Found a staircase to the Ecumenical Temple.
  3156 | Temple   | Entered the Ecumenical Temple
  3241 | D:5      | Identified the +1 sling of Uskayaw {freeze, Dex+3}
  3493 | D:6      | Reached XP level 8. HP: 69/73 MP: 7/7
  3519 | D:6      | Found an iron altar of Okawaru.
  3538 | D:6      | Became a worshipper of Warmaster Okawaru
  3632 | D:6      | Reached skill level 7 in Axes
  3775 | D:6      | Found a hazy altar of Hepliaklqana.
  4106 | D:6      | Reached * piety under Okawaru
  4335 | D:7      | Reached skill level 8 in Axes
  4469 | D:7      | Found a glowing silver altar of Zin.
  4474 | D:7      | Reached XP level 9. HP: 83/83 MP: 8/8
  4601 | D:7      | Reached ** piety under Okawaru
  4646 | D:7      | Found a sparkling altar of Nemelex Xobeh.
  4646 | D:7      | Found an ancient bone altar of Kikubaaqudgha.
  4647 | D:7      | Found a broken altar of Ashenzari.
  4662 | D:7      | Found Xolu Yfoq's Distillery.
  4675 | D:7      | Bought a potion of might for 52 gold pieces
  4675 | D:7      | Bought a potion of curing for 39 gold pieces
  4675 | D:7      | Bought a potion of curing for 39 gold pieces
  4702 | D:7      | Reached skill level 9 in Axes
  4973 | D:7      | Found a shimmering altar of Xom.
  4999 | D:7      | Reached skill level 10 in Fighting
  5389 | D:8      | Reached skill level 10 in Armour
  5867 | D:8      | Reached *** piety under Okawaru
  5868 | D:8      | Reached skill level 10 in Axes
  6536 | D:9      | Noticed a kobold demonologist
  6541 | D:9      | Noticed an ice devil
  6551 | D:9      | Killed a kobold demonologist
  6552 | D:9      | Reached skill level 1 in Invocations
  6552 | D:9      | Reached XP level 10. HP: 80/94 MP: 7/10
  6645 | D:9      | Found a flagged portal.
  6656 | Bailey   | Entered a bailey
  6683 | Bailey   | Noticed an orc knight
  6701 | Bailey   | Killed an orc knight
  6928 | Bailey   | Noticed an orc high priest
  6937 | Bailey   | Noticed an orange demon
  6937 | Bailey   | Killed an orc high priest
  6938 | Bailey   | Reached skill level 11 in Axes
  7069 | Bailey   | Found an iron altar of Okawaru.
  7069 | Bailey   | Noticed an orc sorcerer
  7075 | Bailey   | Paralysed by an orc sorcerer for 3 turns
  7085 | Bailey   | Noticed a rust devil
  7086 | Bailey   | Killed an orc sorcerer
  7180 | Bailey   | Noticed an orc knight
  7189 | Bailey   | Killed an orc knight
  7190 | Bailey   | Reached skill level 12 in Axes
  7190 | Bailey   | Reached skill level 5 in Invocations
  7434 | Bailey   | Acquired 645 gold pieces
  7746 | D:9      | Noticed a two-headed ogre
  7750 | D:9      | Killed a two-headed ogre
  7862 | D:9      | Reached XP level 11. HP: 93/101 MP: 12/14
  7912 | D:9      | Noticed a skeletal warrior
  7912 | D:9      | Noticed a skeletal warrior
  7914 | D:9      | Noticed a skeletal warrior
  8333 | D:9      | Found an ornate altar of the Wu Jian Council.
  8370 | D:9      | Noticed a six-headed hydra
  8370 | D:9      | Noticed a seven-headed hydra
  8370 | D:9      | Noticed a six-headed hydra
  8371 | D:9      | Noticed a flayed ghost
  8371 | D:9      | Found a runed translucent door.
  8373 | D:9      | Noticed a white very ugly thing
  8373 | D:9      | Noticed a fire dragon
  8373 | D:9      | Identified the ring "Reott" {MP+9 Str+6}
  8373 | D:9      | Noticed a centaur warrior
  8444 | D:9      | Noticed Jeremiah
  8468 | D:9      | Killed Jeremiah
  8488 | D:9      | Killed a skeletal warrior
  8488 | D:9      | Reached **** piety under Okawaru
  8489 | D:9      | Reached skill level 13 in Axes
  8745 | D:9      | Noticed a skeletal warrior
  8745 | D:9      | Noticed a skeletal warrior
  8781 | D:9      | Killed a skeletal warrior
  8789 | D:9      | Killed a skeletal warrior
  8999 | D:9      | Killed a skeletal warrior
  9142 | D:9      | Killed a skeletal warrior
  9320 | D:10     | Entered Level 10 of the Dungeon
  9677 | D:10     | Noticed Psyche
  9699 | D:10     | Killed Psyche
  9771 | D:10     | Noticed a two-headed ogre
  9778 | D:10     | Killed a two-headed ogre
  9779 | D:10     | Reached skill level 14 in Axes
  9991 | D:10     | Noticed an orc knight
 10158 | D:10     | Killed an orc knight
 10258 | D:10     | Found a staircase to the Orcish Mines.
 10469 | D:11     | Noticed a two-headed ogre
 10478 | D:11     | Killed a two-headed ogre
 10548 | D:11     | Found a staircase to the Lair.
 10944 | D:11     | Reached skill level 15 in Axes
 10944 | D:11     | Reached XP level 12. HP: 61/108 MP: 18/18
 11136 | D:11     | Noticed a two-headed ogre
 11144 | D:11     | Killed a two-headed ogre
 11145 | D:11     | Reached skill level 10 in Invocations
 11543 | Lair:1   | Entered Level 1 of the Lair of Beasts
 11546 | Lair:1   | Found a sacrificial altar of Ru.
 11813 | Lair:1   | Reached skill level 5 in Shields
 12242 | Lair:1   | Reached skill level 16 in Axes
 12770 | Lair:2   | Found a blossoming altar of Fedhas.
 13090 | Lair:2   | Reached XP level 13. HP: 86/119 MP: 16/19
 13808 | Lair:2   | Identified the +6 long sword of Eternity {spect, +Blink
                  | Str+2}
 14242 | Lair:2   | Reached skill level 1 in Long Blades
 14243 | Lair:2   | Found a hole to the Spider Nest.
 14249 | Lair:2   | Reached ***** piety under Okawaru
 14637 | Lair:2   | Found a staircase to the Shoals.
 14862 | Lair:3   | Reached skill level 1 in Evocations
 15792 | Lair:4   | Slain by a 14-headed hydra

Illustrated notes

Levels and vault maps discovered:
D:1:      dpeg_arrival_orchard, layout_loops_cross
D:2:      layout_loops_cross, minmay_misc_feat_square, grunt_decor_clamped,
          uniq_terence
D:3:      layout_loops_ring
D:4:      layout_gridville, mainiacjoe_overflow_catwalk_spiral,
          amcnicky_altar_gilded, nicolae_elyvilon_temple_path,
          kennysheep_generic_room_13, uniq_grinder
D:5:      layout_basic, temple_hall, nicolae_titane
D:6:      layout_gridville, mainiacjoe_overflow_cross_hatched,
          mainiacjoe_overflow_concentric_impassable, hex_tiny,
          kennysheep_generic_room_16
D:7:      layout_rooms, nicolae_overflow_quartered_altars,
          mainiacjoe_overflow_alcove_1, serial_shops, shop, minmay_misc_feat_x,
          nrook_uturn, serial_bayou_pond_b, dreamdust_gnoll_farm
D:8:      layout_loops_corners, hangedman_abyss_or_decor_passed
D:9:      minmay_gate_of_8, layout_irregular_city, kennysheep_mini_moat,
          enter_bailey_2, uniq_jeremiah
D:10:     layout_basic, erik_orc_2, uniq_psyche
D:11:     layout_cave_pools, david_lair_generic
Temple:   hellmonk_temple_flake
Lair:1:   layout_cellular_growth, lemuel_altar_in_water2, serial_bayou_pond_c,
          serial_bayou_shore_a
Lair:2:   hangedman_what_comes_after_a, layout_small_grid,
          minmay_shoals_entry_centaurs, hellmonk_spider_entry_life_and_decay,
          basic_altar, infiniplex_staircase_pool_2
Lair:3:   layout_hall_layers, grunt_megastairs_5
Lair:4:   layout_gridlike, gammafunk_ghost_split, beast_lair_carwin_4,
          serial_bayou_shore_b, grunt_megastairs_4

Skill      XL: |  1  2  3  4  5  6  7  8  9 10 11 12 13 |
---------------+----------------------------------------+-----
Fighting       | 4 5 6 7 9 10 12 | 12.9
Axes           | 3 4 5 6 8 10 12 15 16 | 16.8
Armour         | 4 5 6 7 8 10 | 10.5
Invocations    | 1 6 9 10 | 10.0
Shields        | 7 9 |  9.1
Long Blades    | 3 |  3.2
Evocations     | 2 |  2.2

Action                     |  1- 3 |  4- 6 |  7- 9 | 10-12 | 13-15 || total
---------------------------+-------+-------+-------+-------+-------++-------
  Melee: War axe           |    66 |    88 |   214 |   183 |       ||   551
         Headbutt          |    11 |    10 |    48 |   104 |    26 ||   199
         Broad axe         |       |       |       |   407 |    56 ||   463
         Long sword        |       |       |       |       |    64 ||    64
 Invoke: Heroism           |       |       |     2 |    28 |     2 ||    32
         Finesse           |       |       |       |     1 |       ||     1
  Evoke: Wand              |       |       |     4 |    21 |     7 ||    32
    Use: Scroll            |     1 |     6 |     6 |     9 |     1 ||    23
         Potion            |       |     2 |     1 |     4 |       ||     7
 Armour: Scale mail        |    13 |       |       |       |       ||    13
         Chain mail        |    29 |    91 |   243 |       |       ||   363
         Plate armour      |       |       |    13 |   474 |   154 ||   641
         Skin              |       |       |       |     1 |       ||     1
  Dodge: Dodged            |    40 |    33 |    99 |   154 |    54 ||   380
  Block: Buckler           |    15 |    22 |    42 |   114 |    37 ||   230
